 Dungeon Crawl Stone Soup version 0.17.1-1-g73c8601 (webtiles) character file.

39 musteatbrain the Skirmisher (level 3, -5/29 HPs)
             Began as a Demonspawn Fighter on Dec 11, 2015.
             Killed from afar by Terence (6 damage)
             ... with a wand of flame
             ... on level 2 of the Dungeon.
             The game lasted 00:02:10 (1104 turns).

musteatbrain the Skirmisher (Demonspawn Fighter)    Turns: 1104, Time: 00:02:11

Health: -5/29      AC:  8    Str: 16    XL:     3   Next: 28%
Magic:  3/3        EV:  7    Int:  9    God:
Gold:   21         SH:  9    Dex: 15    Spells: 0 memorised, 2 levels left

rFire  . . .     SeeInvis .     a - +0 war axe
rCold  . . .     Clarity  .     b - +0 scale mail
rNeg   . . .     SustAt   .     c - +0 shield
rPois  .         Gourm    .     (no helmet)
rElec  .         Spirit   .     (no cloak)
rCorr  .         Warding  .     (no gloves)
rMut   .         Stasis   .     o - +0 pair of boots
MR     .....                    (no amulet)
Stlth  +.........               (no ring)
                                (no ring)

@: not resistant to hostile enchantments, very unstealthy
A: thin skeletal structure 1, powered by death 1
a: no special abilities


You were on level 2 of the Dungeon.
You were not hungry.

You visited 1 branch of the dungeon, and saw 2 of its levels.

You collected 21 gold pieces.

Inventory:

Hand Weapons
 a - a +0 war axe (weapon)
Armour
 b - a +0 scale mail (worn)
 c - a +0 shield (worn)
 o - a +0 pair of boots (worn)
Scrolls
 g - 2 scrolls of recharging {unknown}
 h - a scroll of immolation {unknown}
 i - a scroll of random uselessness {unknown}
 j - 2 scrolls of enchant weapon {unknown}
 k - 2 scrolls of identify {unknown}
 n - a scroll of blinking {unknown}
Potions
 d - a potion of might
 l - a potion of cancellation {unknown}
 m - a potion of curing {unknown}
Comestibles
 e - a bread ration
 f - 3 fruits


   Skills:
 + Level 3.3 Fighting
 + Level 2.2 Axes
 + Level 3.2 Armour
 + Level 0.6 Dodging
 - Level 2.6 Shields


You had 2 spell levels left.
You didn't know any spells.

Dungeon Overview and Level Annotations

Branches:
Dungeon (2/15)

Altars:
Cheibriados
Dithmenos
Okawaru

Annotations:
D:2 Terence


Innate Abilities, Weirdness & Mutations

You have a somewhat thin skeletal structure (Dex +2, Stealth).
You regenerate a little health from kills.


Message History

Terence hits you but does no damage.
Terence zaps a wand.
The puff of flame hits you!
You hit Terence but do no damage.
Terence is heavily wounded.
You block Terence's attack.
You hit Terence.
Terence is severely wounded.
Terence zaps a wand.
The puff of flame hits you! You block Terence's attack.
You barely miss Terence.
Terence is severely wounded.
Terence zaps a wand.
The puff of flame hits you!
You hit Terence.
Terence is almost dead.
Terence zaps a wand.
The puff of flame hits you!
* * * LOW HITPOINT WARNING * * *
You block Terence's attack.
Your shield prevents you from hitting Terence.
Terence is almost dead.
Terence zaps a wand.
The puff of flame hits you!
You die...

#.......# #....##..#..
'.....######## #...........
#............#########......##...
####.........#......%....#.. #...
#.........#.......... #.. #...
#.........#.......... ... ##..
#.........#..........##.# #.#
#.....()..#.......... #. #.#
#.....†...#..@@...... #..
#(........#..........
#........(...........
#........(..#########
#########(..# #...# #...# #...#
#...#


You could see Terence.

Vanquished Creatures
  An adder (D:2)
  A giant cockroach (D:1)
  5 hobgoblins
  3 jackals (D:1)
  5 bats
  6 giant newts
  5 goblins
  2 kobolds
  3 rats (D:2)
31 creatures vanquished.

Notes
Turn   | Place    | Note
--------------------------------------------------------------
     0 | D:1      | musteatbrain the Demonspawn Fighter began the quest for the Orb.
     0 | D:1      | Reached XP level 1. HP: 18/18 MP: 1/1
   452 | D:1      | Gained mutation: You regenerate a little health from kills. [demonic ancestry]
   452 | D:1      | Reached XP level 2. HP: 13/24 MP: 2/2
   898 | D:2      | Gained mutation: You have a somewhat thin skeletal structure (Dex +2, Stealth). [demonic ancestry]
   898 | D:2      | Reached XP level 3. HP: 21/29 MP: 3/3
   987 | D:2      | Found an iron altar of Okawaru.
   989 | D:2      | Found a shadowy altar of Dithmenos.
  1002 | D:2      | Found a snail-covered altar of Cheibriados.
  1072 | D:2      | Noticed Terence
  1103 | D:2      | HP: 1/29 [Terence/wand of flame (10)]
  1104 | D:2      | Killed from afar by Terence

Action                   || total
-------------------------++-------
Melee: War axe           ||   116
  Eat: Chunk             ||     1
